Map: Port Aleksander LE

Players

nalakuwala - Winner!

  • Race: Zerg Zerg
  • League: Master
  • Spawn Location: 5:00

seu

  • Race: Zerg Zerg
  • League: Master
  • Spawn Location: 11:00

VOD

Have the link to the VOD?

Description

Time

  • Played on: April 6, 2019, 3:03 p.m.
  • Length: 11:49
Show
View Real Time Build Order
Export as new Build Order

nalakuwala Zerg - Winner!

Build Orders: 1 Base Baneling Bust, Pool First 

Get SALT Encoding   

  12  0:19  Spawning Pool  
  11  0:21  Extractor  
  11  0:25  Drone  
  11  0:30  Drone  
  12  0:36  Drone  
  13  0:46  Overlord  
  13  1:05  Zergling x2  
  13  1:06  Zergling x2  
  13  1:09  Zergling x2  
  16  1:15  Baneling Nest  
  15  1:19  Zergling x2  
  16  1:30  Zergling x2  
  17  1:42  Metabolic Boost  
  17  1:43  Zergling x2  
  18  1:59  Baneling  
  18  2:00  Baneling  
  18  2:13  Zergling x2  
  19  2:27  Zergling x4  
  19  2:28  Zergling x2  
  21  2:31  Baneling  
  21  2:48  Zergling x2  
  21  2:52  Overlord  
  21  3:10  Queen  
  23  3:17  Zergling x2  
  23  3:19  Drone  
  23  3:20  Baneling x2  
  23  3:21  Drone  
  24  3:33  Drone  
  25  3:45  Evolution Chamber, Drone  
  25  3:54  Drone  
  26  4:06  Drone  
  23  4:12  Hatchery  
  23  4:15  Zergling x2  
  23  4:21  Zerg Ground Armor Level 1  
  23  4:35  Zergling x4  
  23  4:37  Drone  
  26  4:51  Zergling x2  
  27  4:54  Drone  
  27  4:57  Lair  
  28  5:05  Drone  
  29  5:13  Overlord  
  29  5:14  Drone  
  30  5:25  Drone  
  30  5:26  Drone  
  30  5:28  Drone  
  33  5:29  Zergling x2  
  34  5:39  Drone  
  34  5:50  Overlord  
  34  5:53  Overlord  
  34  5:59  Zergling x2  
  34  6:00  Baneling x2  
  35  6:04  Zergling x2  
  35  6:06  Zergling x2  
  35  6:16  Overlord  
  35  6:17  Drone  
  35  6:18  Drone x4  
  39  6:19  Drone  
  39  6:22  Extractor  
  39  6:24  Extractor  
  39  6:27  Roach Warren  
  39  6:28  Drone  
  39  6:29  Drone  
  39  6:32  Zerg Missile Weapons Level 1  
  41  6:54  Queen  
  41  6:55  Drone x2  
  41  6:56  Overlord  
  41  6:57  Overlord  
  41  6:58  Drone  
  46  7:13  Queen, Drone x3  
  51  7:19  Glial Reconstitution  
  51  7:35  Roach x5  
  61  7:44  Extractor  
  61  7:46  Roach  
  61  7:47  Overlord  
  62  7:58  Roach, Extractor  
  61  8:04  Roach, Spine Crawler  
  64  8:06  Zergling x2  
  65  8:14  Roach  
  67  8:21  Roach  
  69  8:28  Roach  
  71  8:38  Roach  
  65  8:41  Roach x2  
  65  8:44  Roach  
  65  8:47  Roach  
  51  8:52  Roach  
  42  9:10  Roach x3  
  42  9:11  Roach, Queen, Drone  
  42  9:12  Queen, Drone  
  57  9:24  Ravager  
  57  9:39  Spine Crawler  
  57  9:40  Zergling x12  
  57  9:44  Zergling x4  
  64  9:49  Zergling x2  
  65  9:53  Spine Crawler  
  64  10:03  Roach  
  59  10:14  Roach x2  
  59  10:18  Roach  
  59  10:19  Roach x6  
  67  10:29  Roach x4  
  76  10:50  Roach x3  
  80  11:06  Roach x2  
Show
View Real Time Build Order
Export as new Build Order

seu Zerg 

Build Orders: Hatch First 

Get SALT Encoding   

  12  0:01  Drone  
  13  0:12  Overlord  
  13  0:18  Drone  
  14  0:31  Drone  
  14  0:32  Drone  
  16  0:50  Hatchery  
  16  0:57  Drone x2  
  16  1:00  Drone  
  18  1:11  Extractor  
  18  1:16  Spawning Pool  
  16  1:20  Drone  
  16  1:23  Drone  
  18  1:30  Drone  
  19  1:40  Drone  
  20  1:51  Overlord  
  20  2:03  Zergling x4  
  20  2:04  Queen  
  24  2:12  Zergling x2  
  24  2:18  Drone  
  25  2:27  Spine Crawler  
  22  2:35  Zergling x2  
  23  2:47  Zergling x4  
  25  2:53  Spine Crawler  
  25  2:55  Zergling x2  
  23  3:00  Baneling Nest  
  22  3:09  Zergling x2  
  22  3:10  Queen  
  24  3:22  Spine Crawler  
  23  3:29  Zergling x4  
  25  3:38  Zergling x2  
  26  3:43  Baneling x2  
  26  3:46  Queen  
  28  3:52  Zergling x2  
  29  4:05  Overlord  
  28  4:11  Baneling x2  
  28  4:13  Drone  
  29  4:18  Drone  
  29  4:19  Overlord  
  26  4:41  Hatchery  
  26  4:42  Drone x2  
  27  4:53  Zergling x4  
  27  4:57  Drone x2  
  31  5:06  Drone  
  32  5:08  Drone  
  32  5:12  Metabolic Boost  
  33  5:20  Zergling x2  
  34  5:27  Queen  
  36  5:34  Zergling x2  
  37  5:42  Zergling x2  
  37  6:01  Zergling x2  
  37  6:02  Zergling x4  
  37  6:03  Baneling x2  
  37  6:04  Baneling  
  36  6:11  Zergling x2  
  36  6:17  Queen, Zergling x4  
  43  6:22  Zergling x6  
  46  6:30  Zergling x8  
  48  6:35  Evolution Chamber  
  47  6:42  Drone x2  
  47  6:47  Zergling x2  
  47  6:53  Zergling x2  
  47  6:54  Zergling x6  
  52  6:59  Overlord  
  52  7:00  Overlord  
  52  7:08  Zerg Ground Armor Level 1  
  51  7:09  Zergling x2  
  52  7:17  Overlord  
  52  7:20  Zergling x6  
  55  7:28  Drone x3  
  58  7:30  Zergling x2  
  59  7:42  Zergling x8  
  63  7:48  Zergling x4  
  63  7:49  Zergling x2  
  66  8:07  Baneling x7  
  66  8:11  Zergling x12  
  72  8:16  Baneling  
  72  8:17  Overlord  
  72  8:22  Baneling  
  69  8:39  Zergling x2  
  69  8:40  Zergling x10  
  63  8:47  Zergling x4  
  52  8:50  Zergling x6  
  52  8:54  Zergling x2  
  45  9:11  Hatchery  
  45  9:14  Zergling x2  
  45  9:15  Zergling x6  
  48  9:25  Zergling x10  
  48  9:26  Zergling x2  
  53  9:33  Zergling x4  
  55  9:43  Zergling x4  
  52  10:02  Zergling x16  
  53  10:09  Zergling x2  
  43  10:21  Zergling x4  
  43  10:27  Zergling x4  
  41  10:32  Drone x4  
  43  10:36  Zergling x4  
  41  10:44  Zergling x2  
  41  10:49  Drone x2  
  43  10:52  Queen  
  43  10:54  Queen  
  47  11:02  Zergling x12  
  52  11:08  Zergling x6  
  54  11:11  Extractor  
  54  11:13  Roach Warren  
  54  11:17  Zergling x4  
  50  11:30  Zergling x2  
  50  11:31  Zergling x12  
Tags
 
Add a new tag
Caveats
  • Supply blocks, unpowered buildings, or Contaminate may cause inaccurate times.
  • Supply counts are checked every 10 seconds.